 Dungeon Crawl Stone Soup version 0.30-a0-368-g86fb4627a9 (webtiles) character file.

Game seed: 3957678079067541147

58 qeuew the Trooper (level 3, -2/33 HPs)
             Began as a Minotaur Monk on Nov 20, 2022.
             Slain by an orc
             ... wielding a +0 mace
              (5 damage)
             ... on level 3 of the Dungeon.
             The game lasted 00:03:47 (1724 turns).

qeuew the Trooper (Minotaur Monk)                   Turns: 1724, Time: 00:03:48

Health: -2/33      AC:  2    Str: 15    XL:     3   Next: 75%
Magic:  2/2        EV: 18    Int:  7    God:
Gold:   183        SH:  0    Dex: 20    Spells: 2/2 levels left

rFire   . . .      SeeInvis .    n - +1 war axe
rCold   . . .      Faith    .    (no shield)
rNeg    . . .      Spirit   .    b - +0 robe
rPois   .          Reflect  .    (helmet restricted)
rElec   .          Harm     .    (no cloak)
rCorr   .          Rampage  .    (no gloves)
Will    .....                    (no boots)
Stlth   +.........               (no amulet)
HPRegen 0.25/turn                e - +4 ring of evasion
MPRegen 0.08/turn                m - +6 ring of dexterity

@: confused, lethally poisoned (-2 -> -10), ambrosia-drunk
A: horns 2, retaliatory headbutt
a: no special abilities


You were on level 3 of the Dungeon.
You visited 1 branch of the dungeon, and saw 3 of its levels.

You collected 183 gold pieces.

Inventory:

Hand Weapons
 a - a +0 sling
 n - a +1 war axe (weapon)
Missiles
 l - a throwing net
Armour
 b - a +0 robe (worn)
Jewellery
 e - a +4 ring of evasion (left hand)
 g - a ring of flight
 m - a +6 ring of dexterity (right hand)
Scrolls
 o - a scroll of amnesia
Potions
 c - a potion of ambrosia
 h - a potion of might
 k - a potion of resistance


   Skills:
 + Level 4.1 Fighting
 + Level 4.1 Axes
 + Level 0.3 Ranged Weapons
 * Level 2.4 Armour
 + Level 3.7 Dodging
 - Level 1.5 Stealth


You had 2 spell levels left.
You didn't know any spells.
Your spell library was empty.

Dungeon Overview and Level Annotations

Branches:
Dungeon (3/15)

Altars:
Ashenzari

Annotations:
D:2 1 runed translucent door, Crazy Yiuf
D:3 Grinder


Innate Abilities, Weirdness & Mutations

You have a pair of horns on your head.
You reflexively headbutt those who attack you in melee.


Message History

You shoot a sling bullet. The sling bullet hits the orc.
The orc is moderately wounded.
A rat comes into view.
You shoot a sling bullet.
The sling bullet hits the orc but does no damage.
The orc is moderately wounded.
You hear a shout!
The orc barely misses you.
The orc hits you with a +1 hand axe of venom.
Grinder comes into view.
You are already wielding that!
n - a +1 war axe (weapon)
Unknown command.
You barely miss the orc.
The orc is moderately wounded.
You closely miss the orc.
The orc hits you with a +1 hand axe of venom.
You are poisoned.
The orc barely misses you.
The orc hits you with a +1 hand axe of venom.
You are lethally poisoned!
The orc completely misses you. You furiously retaliate!
You headbutt the orc!
You kill the orc!
You hit the orc but do no damage.
The orc is moderately wounded.
You feel very sick. The orc completely misses you.
Unknown command.
You barely miss the orc.
The orc is moderately wounded.
You hit the orc but do no damage.
You feel very sick. The orc misses you. The orc hits you with a +0 mace!
* * * LOW HITPOINT WARNING * * *
Grinder blinks!
You are confused.
You feel invigorated.
* * * LOW HITPOINT WARNING * * *
You feel sick. The orc hits you with a +0 mace.
You die...

!.....#...#.... #'####
....... ##.#..##
....... ##..#...##
....... ##...#....##
...5... ##....#.....##
.......
##.....#......##.).....
#.^....#.......#o......
####....#..#.##@or.....
####......###.......
######.# #...... #.#
#..... #.# #.... #.#
#### #.# #.#
#.###################


You could see Grinder, 2 orcs and a rat.

Vanquished Creatures
  3 dart slugs
  2 orcs (D:3)
  A bat (D:1)
  4 endoplasms
  2 giant cockroaches
  5 goblins
  8 hobgoblins
  3 jackals (D:1)
  3 kobolds
  6 ball pythons
  3 frilled lizards
  2 rats
42 creatures vanquished.

Notes
Turn   | Place    | Note
-------+----------+-------------------------------------------
     0 | D:1      | qeuew the Minotaur Monk began the quest for the Orb.
     0 | D:1      | Reached XP level 1. HP: 19/19 MP: 0/0
   130 | D:1      | Reached skill level 1 in Armour
   145 | D:1      | Reached XP level 2. HP: 27/27 MP: 1/1
   160 | D:1      | You fall into a shaft and drop 1 floor!
   638 | D:1      | Reached XP level 3. HP: 33/33 MP: 2/2
  1468 | D:2      | Found a runed translucent door.
  1469 | D:2      | Noticed Crazy Yiuf
  1679 | D:3      | Found a broken altar of Ashenzari.
  1719 | D:3      | Noticed Grinder
  1724 | D:3      | Slain by an orc

Illustrated notes

Levels and vault maps discovered:
D:1:      saegor_arrival_simple_a, layout_loops_ring, patterned_corridor
D:2:      cheibrodos_greedy_goblins, layout_loops_ring, uniq_crazy_yiuf_cottage
D:3:      layout_basic, nicolae_ashenzari_panopticon, portal_sewer_entry_e,
          uniq_robin, uniq_grinder, uniq_sigmund

Skill      XL: |  1  2  3 |
---------------+----------+-----
Armour         | 1 2 |  2.4
Fighting       | 4 |  4.1
Axes           | 4 |  4.1
Ranged Weapons | |  0.3
Dodging        | |  3.7
Stealth        | |  1.5

Action                   || total
-------------------------++-------
Melee: Hand axe          ||    49
       Headbutt          ||     6
       Punch             ||     1
       War axe           ||     5
 Fire: Sling             ||    40
  Use: Scroll            ||     9
       Potion            ||     4
 Stab: Sleeping          ||     3
Armor: Robe              ||     6
Dodge: Dodged            ||    75

Table legend: (Time is in decaauts)
 A = Elapsed time spent in this place.
 B = Non-inter-level travel time spent in this place.
 C = Inter-level travel time spent in this place.
 D = Time resting spent in this place.
 E = Time spent auto-exploring this place.
 F = Levels seen in this place.
 G = Mean time per level.
                   A        B        C        D        E       F      G
               +--------+--------+--------+--------+--------+-----+--------+
         Total |   1743 |   1676 |     67 |     36 |   1380 |   3 |  581.0 |
       Dungeon |   1743 |   1676 |     67 |     36 |   1380 |   3 |  581.0 |
               +--------+--------+--------+--------+--------+-----+--------+

Top non-repeatable levels by time:
     D:2: 862 daAuts
     D:1: 791 daAuts
     D:3: 89 daAuts
